 Dungeon Crawl Stone Soup version 0.29.1-1-gd02db69 (webtiles) character file.

Game seed: 9117029238438299511

6734 Kel the Severer (level 11, -11/60 HPs)
             Began as a Gargoyle Berserker on Dec 10, 2022.
             Was an Elder of Trog.
             Mangled by an orc warrior
             ... wielding a +0 glaive
              (13 damage)
             ... on level 9 of the Dungeon.
             The game lasted 00:19:34 (11365 turns).

Kel the Severer (Gargoyle Berserker)               Turns: 11365, Time: 00:19:35

Health: -11/60     AC: 25    Str: 25    XL:     11   Next: 4%
Magic:  11/11      EV:  7    Int:  8    God:    Trog [****..]
Gold:   430        SH:  0    Dex:  9    Spells: 10/10 levels left

rFire   + . .      SeeInvis .   z - +0 battleaxe
rCold   + . .      Faith    .   (shield currently unavailable)
rNeg    + . .      Spirit   .   D - +0 plate armour
rPois   ∞          Reflect  .   k - +0 helmet
rElec   +          Harm     .   d - +0 cloak
rCorr   +          Rampage  .   (no gloves)
Will    .....                   (no boots)
Stlth   ..........              l - amulet of the acrobat
HPRegen 0.20/turn               i - +4 ring of protection
MPRegen 0.12/turn               f - ring of resist corrosion

@: resistant, on berserk cooldown, slowed, very slow
A: sickness immunity, AC +8, negative energy resistance 1, electricity
resistance, torment resistance 1, petrification resistance
a: Renounce Religion, Berserk, Trog's Hand, Brothers in Arms


You were on level 9 of the Dungeon.
You worshipped Trog.
Trog was greatly pleased with you.
You visited 1 branch of the dungeon, and saw 9 of its levels.

You collected 430 gold pieces.

Inventory:

Hand Weapons
 z - a +0 battleaxe (weapon)
Missiles
 y - a throwing net (quivered)
Armour
 d - a +0 cloak (worn)
 k - a +0 helmet (worn)
 D - a +0 plate armour (worn)
Jewellery
 f - a ring of resist corrosion (right hand)
 i - a +4 ring of protection (left hand)
 l - an amulet of the acrobat (around neck)
Wands
 j - a wand of digging (8)
 n - a wand of roots (2)
 o - a wand of acid (16)
 u - a wand of flame (70)
 G - a wand of mindburst (9)
Scrolls
 a - 2 scrolls of identify
 b - 2 scrolls of vulnerability {unknown}
 c - 3 scrolls of teleportation
 e - 2 scrolls of enchant armour {unknown}
 q - a scroll of summoning {unknown}
 r - a scroll of immolation {unknown}
 v - a scroll of silence {unknown}
 w - a scroll of amnesia {unknown}
 C - a scroll of noise {unknown}
 E - a scroll of fog {unknown}
 F - 3 scrolls of fear {unknown}
Potions
 g - 3 potions of mutation
 h - 2 potions of haste
 m - 3 potions of berserk rage
 p - 2 potions of might {unknown}
 t - 2 potions of heal wounds {unknown}
 x - a potion of flight {unknown}
 A - a potion of brilliance {unknown}
 B - 2 potions of degeneration {unknown}


   Skills:
 * Level 3.7 Fighting
 + Level 15.0 Axes
 * Level 2.7 Armour
 - Level 1.5 Dodging


You had 10 spell levels left.
You didn't know any spells.
Your spell library was empty.

Dungeon Overview and Level Annotations

Branches:
Dungeon (9/15)             Temple (0/1) D:7            Lair (0/5) D:8
    Orc: D:9-12

Altars:
Elyvilon
Hepliaklqana
Kikubaaqudgha
Sif Muna
Vehumet
Xom
Yredelemnul
Zin
The Shining One

Shops:
D:1 (   D:2 *[   D:8 [(


Innate Abilities, Weirdness & Mutations

You are immune to sickness and miasma.
Your stone body is resilient. (AC +8)
You are immune to poison.
You resist negative energy. (rN+)
You are resistant to electric shocks. (rElec)
You are resistant to unholy torment.
You are immune to petrification.


Message History

Trog accepts your kill.
The orc warrior hits you but does no damage.
You closely miss the orc warrior.
The orc warrior hits you with a +0 glaive.
You slash the orc warrior!
The orc warrior is heavily wounded.
You barely miss the orc warrior.
The orc warrior is heavily wounded.
The orc misses you. The orc warrior closely misses you.
You barely miss the orc warrior.
The orc warrior is heavily wounded.
You slash the orc!
You kill the orc!
Trog accepts your kill.
You slash the orc!
You kill the orc!
Trog accepts your kill.
You closely miss the orc warrior.
The orc warrior is heavily wounded.
You are no longer berserk.
You are exhausted.
You feel yourself slow down.
The orc warrior hits you but does no damage.
You hit the orc warrior.
The orc warrior is severely wounded.
The orc warrior hits you with a +0 glaive!
* * * LOW HITPOINT WARNING * * *
You closely miss the orc warrior.
The orc warrior is severely wounded.
The orc warrior hits you but does no damage.
The orc warrior hits you with a +0 glaive!
* * * LOW HITPOINT WARNING * * *
You feel protected.
The orc warrior hits you with a +0 glaive.
* * * LOW HITPOINT WARNING * * *
You hit the orc warrior but do no damage.
The orc warrior is severely wounded.
The orc warrior hits you but does no damage.
The orc warrior hits you with a +0 glaive!
You die...

..########.########
..................#
....o.............#
......o...........#
..................#
#.#########.......#
+.......#.......#
#.......#))######
#......†#@.# #
#.......)o.#
#.#########..#
#........<...#
#..........###
#..........#
#...#####..#
######...#...#..#######
.........#...#........#


You could see an orc warrior.

Vanquished Creatures
  A two-headed ogre (D:7)
  The ghost of crazyjoe98 the Cleaver, a novice MiFi of Okawaru (D:5)
  A cyclops (D:7)
  Joseph (D:7)
  An unseen horror (D:6)
  A troll (D:7)
  4 yaks
  A vampire mosquito (D:6)
  An acid dragon (D:7)
  4 water moccasins
  A black bear (D:5)
  2 sky beasts
  2 centaurs
  4 ogres
  The ghost of da312102 the Sneak, an amateur HuBr of Dithmenos (D:4)
  The ghost of Vixxxy the Firebug, an amateur DEFE (D:5)
  A necrophage (D:5)
  4 bullfrogs
  5 scorpions
  A water moccasin zombie (D:5)
  13 killer bees
  A howler monkey (D:5)
  A centaur zombie (D:5)
  4 hounds
  2 jellies
  6 orc priests
  2 iguanas (D:6)
  10 orc wizards
  Robin (D:2)
  8 adders
  9 gnolls
  A shadow imp (D:7)
  3 white imps
  2 worms (D:3)
  4 dart slugs
  34 orcs
  11 ball pythons
  4 endoplasms
  3 giant cockroaches
  14 goblins
  7 hobgoblins
  3 jackals (D:3)
  6 quokkas
  4 bats
  3 frilled lizards (D:1)
  9 kobolds
  6 rats
209 creatures vanquished.

Vanquished Creatures (others)
  6 plants (D:6)
6 creatures vanquished.

Grand Total: 215 creatures vanquished

Notes
Turn   | Place    | Note
-------+----------+-------------------------------------------
     0 | D:1      | Kel the Gargoyle Berserker began the quest for the Orb.
     0 | D:1      | Reached XP level 1. HP: 14/14 MP: 1/1
   164 | D:1      | Reached skill level 3 in Axes
   177 | D:1      | Reached XP level 2. HP: 19/19 MP: 2/2
   345 | D:1      | Found Jepaega's Weapon Shoppe.
   587 | D:1      | Reached XP level 3. HP: 23/23 MP: 3/3
   659 | D:1      | Reached ** piety under Trog
   818 | D:2      | Reached skill level 4 in Axes
   824 | D:2      | Reached XP level 4. HP: 28/28 MP: 4/4
   985 | D:2      | Found Dohia's Antique Armour Emporium.
  1095 | D:2      | Found Tonk's Assorted Antiques.
  1277 | D:2      | Reached skill level 5 in Axes
  1277 | D:2      | Reached XP level 5. HP: 15/32 MP: 5/5
  1819 | D:3      | Noticed Robin
  1834 | D:2      | Killed Robin
  2606 | D:3      | Found a faded altar of an unknown god.
  2611 | D:3      | Reached *** piety under Trog
  2772 | D:4      | Reached XP level 6. HP: 35/37 MP: 6/6
  2784 | D:4      | Reached skill level 6 in Axes
  3137 | D:4      | Found a runed translucent door.
  3137 | D:4      | Noticed da312102's ghost (amateur HuBr)
  3200 | D:4      | Found a glowing silver altar of Zin.
  3296 | D:4      | Reached skill level 7 in Axes
  3296 | D:4      | Reached XP level 7. HP: 35/41 MP: 7/7
  4155 | D:4      | Killed da312102's ghost
  4309 | D:5      | Entered Level 5 of the Dungeon
  4351 | D:5      | Reached skill level 8 in Axes
  4527 | D:5      | Reached XP level 8. HP: 46/46 MP: 8/8
  4862 | D:5      | Reached skill level 9 in Axes
  5177 | D:5      | Found the +6 shillelagh "Devastator" {shatter}
  5369 | D:5      | Found a large runed translucent door.
  5369 | D:5      | Found a large runed translucent door.
  5371 | D:5      | Noticed crazyjoe98's ghost (novice MiFi)
  5611 | D:5      | Found a runed translucent gate.
  5611 | D:5      | Found a runed translucent gate.
  5611 | D:5      | Found a runed translucent gate.
  5611 | D:5      | Noticed Vixxxy's ghost (amateur DEFE)
  5613 | D:5      | Found a basalt altar of Yredelemnul.
  5624 | D:5      | Reached skill level 10 in Axes
  5770 | D:5      | Killed Vixxxy's ghost
  5875 | D:5      | Killed crazyjoe98's ghost
  5876 | D:5      | Reached skill level 11 in Axes
  5876 | D:5      | Reached XP level 9. HP: 51/51 MP: 9/9
  6017 | D:6      | Found a radiant altar of Vehumet.
  6017 | D:6      | Found an ancient bone altar of Kikubaaqudgha.
  6056 | D:6      | Found a shimmering blue altar of Sif Muna.
  6159 | D:6      | Found a white marble altar of Elyvilon.
  6446 | D:6      | Reached skill level 12 in Axes
  6469 | D:6      | Found a hazy altar of Hepliaklqana.
  6540 | D:6      | Found a shimmering altar of Xom.
  7218 | D:7      | Noticed a two-headed ogre
  7226 | D:7      | Noticed Joseph
  7407 | D:6      | Reached XP level 10. HP: 30/56 MP: 10/10
  7675 | D:6      | Reached skill level 13 in Axes
  7751 | D:7      | Killed Joseph
  7863 | D:7      | Killed a two-headed ogre
  7956 | D:7      | Noticed a cyclops
  7963 | D:7      | Killed a cyclops
  7964 | D:7      | Reached skill level 14 in Axes
  8353 | D:6      | Killed an unseen horror
  9155 | D:7      | Found a staircase to the Ecumenical Temple.
  9517 | D:7      | Found a glowing golden altar of the Shining One.
  9820 | D:8      | Found a staircase to the Lair.
  9969 | D:8      | Found Yrosm's Weapon Emporium.
 10324 | D:8      | Found Rearut's Armour Emporium.
 10398 | D:8      | Reached **** piety under Trog
 11214 | D:9      | Reached skill level 15 in Axes
 11214 | D:9      | Reached XP level 11. HP: 57/60 MP: 11/11
 11364 | D:9      | HP: 2/60 [orc warrior/+0 glaive (5)]
 11365 | D:9      | Mangled by an orc warrior

Illustrated notes

Levels and vault maps discovered:
D:1:      spicycebolla_arrival_xxxplode, layout_rooms, serial_shops,
          nicolae_diamond_shop
D:2:      layout_loops_ring, serial_shops, nicolae_shop_trees,
          nicolae_shop_hallway_stairs
D:3:      layout_basic, hellmonk_ecumenical_altar_prayer_group,
          hangedman_decor_lopped, uniq_robin
D:4:      layout_basic, zin_academy, hellmonk_ghost_happy_afterlife,
          grunt_ministairs_14, nicolae_eternal_life
D:5:      layout_loops_ring, nicolae_yredelemnul_ghost_church,
          ebering_ghost_disaster_area, dilly_guarded_unrand_devastator
D:6:      minmay_cornered_nines, layout_loops_ring,
          grunt_temple_overflow_magic_moments, mainiacjoe_overflow_24_doors,
          lemuel_doored_altar, nzn_hepliaklqana_mist_gate, grunt_ministairs_12,
          serial_bayou_pond_a
D:7:      minmay_blocky_corners, layout_cave_pools,
          nicolae_tso_carved_into_rock, minmay_temple_entry_poolview,
          uniq_joseph
D:8:      layout_gridville, serial_shops, nicolae_square_shop,
          nicolae_shop_stone, minmay_misc_feat_diagonals
D:9:      layout_irregular_city, dancing_weapons_uskayaw, ebering_ghost_gozag,
          nicolae_water_bricks

Skill      XL: |  1  2  3  4  5  6  7  8  9 10 |
---------------+-------------------------------+-----
Axes           | 3 4 5 7 8 11 12 15 | 15.0
Fighting       | |  3.7
Armour         | |  2.7
Dodging        | |  1.5

Action                   |  1- 3 |  4- 6 |  7- 9 | 10-12 || total
-------------------------+-------+-------+-------+-------++-------
Melee: Hand axe          |    19 |       |       |       ||    19
       War axe           |    57 |   208 |   149 |       ||   414
       Punch             |       |     1 |     3 |       ||     4
       Battleaxe         |       |       |    72 |   227 ||   299
Invok: Berserk           |     1 |     2 |     8 |     5 ||    16
Evoke: Wand              |       |       |       |     1 ||     1
  Use: Scroll            |       |       |     8 |       ||     8
       Potion            |       |       |     1 |     7 ||     8
 Stab: Sleeping          |     1 |       |       |       ||     1
Armor: Animal skin       |    30 |       |       |       ||    30
       Leather armour    |     9 |   131 |     1 |       ||   141
       Chain mail        |       |       |   164 |    44 ||   208
       Plate armour      |       |       |       |   285 ||   285
Dodge: Dodged            |    60 |   143 |   134 |   173 ||   510
